AoeStats
← TempS

Arena

509132726Analyzed
1v1 RM · 8d ago on Sep 25, 2026· 48m 14s· 2 players
Game mode
Random Map
Map size
Tiny (2 player)
Population
200
Speed
Normal
Resources
Standard
Victory
Conquest
Starting age
Dark Age
Ending age
Imperial Age
RankedLock teamsTeams togetherTeam positionsShared explorationLock speedFull tech treeHidden civsTurbo modeCheats
Victory
Defeat
🇸🇪 Sicilians · Sweden
692
+12
🇮🇳 Britons · India
613
-12
TempS
7:33 Loom
12:49 Feudal Age
13:43 Horse Collar
13:51 Double-Bit Axe
18:00 Castle Age
17:18 Gold Mining
21:07 Scale Barding Armor
21:13 Forging
25:03 Bow Saw
26:26 Bloodlines
27:47 Husbandry
30:01 Wheelbarrow
29:12 Town Watch
29:42 Stone Mining
30:36 Chain Barding Armor
31:13 Fletching
32:05 Bodkin Arrow
32:46 Iron Casting
32:40 Heavy Plow
32:59 Hand Cart
32:45 Town Patrol
36:01 Imperial Age
37:23 Conscription
37:10 Hauberk
37:42 Hoardings
36:32 Cavalier
38:10 Plate Barding Armor
38:36 Blast Furnace
37:04 Capped Ram
38:39 Siege Ram
42:58 Bracer
42:58 Padded Archer Armor
44:42 Crossbowman
46:29 Stone Shaft Mining
46:30 Gold Shaft Mining
45:27 Arbalester
46:36 Ballistics
46:15 Murder Holes
46:06 Arrowslits
47:22 Chemistry
46:35 Masonry
viharsj27
5:24 Loom
13:16 Feudal Age
14:04 Double-Bit Axe
21:24 Castle Age
20:25 Stone Mining
22:40 Bow Saw
23:20 Pikeman
26:26 Gold Mining
28:39 Gold Shaft Mining
29:26 Wheelbarrow
28:40 Horse Collar
29:15 Forging
29:06 Scale Mail Armor
30:45 Hand Cart
31:55 Heavy Plow
36:15 Squires
39:10 Imperial Age
41:30 Chain Mail Armor
41:51 Iron Casting
41:40 Halberdier
43:41 Chemistry
44:48 Warwolf
48:19 Two-Man Saw
Connection lost

Rejoining the realm…

Still unreachable

The connection could not be restored.

Session expired

The server has moved on; the page needs a fresh start.